 Dungeon Crawl Stone Soup version 0.32-a0-7-ge934b4519a (webtiles) character file.

Game seed: 5224013784913838860

270 CougarLife the Shield-Bearer (level 6, -1/53 HPs)
             Began as a Gnoll Fighter on Jan 14, 2024.
             Slain by Blork the orc
             ... wielding a +0 war axe
              (8 damage)
             ... on level 4 of the Dungeon.
             The game lasted 00:03:32 (3621 turns).

CougarLife the Shield-Bearer (Gnoll Fighter)        Turns: 3621, Time: 00:03:33

Health: -1/53      AC:  7    Str: 17    XL:     6   Next: 22%
Magic:  9/9        EV: 10    Int:  7    God:
Gold:   226        SH:  5    Dex: 12    Spells: 9/9 levels left

rFire   . . .        a - +0 war axe
rCold   . . .        c - +0 buckler
rNeg    . . .        b - +0 scale mail
rPois   .            (no helmet)
rElec   .            (no cloak)
rCorr   .            (no gloves)
SInv    .            (no boots)
Will    .....        (no amulet) Stlth
                     (no ring)
HPRegen 0.28/turn    (no ring)
MPRegen 0.11/turn

%: no passive effects
@: no status effects
A: fangs 1, strong nose, distributed training
a: no special abilities


You were on level 4 of the Dungeon.
You visited 1 branch of the dungeon, and saw 4 of its levels.

You collected 226 gold pieces.

Inventory:

Hand Weapons
 a - a +0 war axe (weapon)
 q - the +1 trident "Hydraslayer" {protect, rF++ Str-3 Int+2 SInv}
   (You found it on level 3 of the Dungeon)

   Str-3:     It affects your strength (-3).
   Int+2:     It affects your intelligence (+2).
   rF++:      It greatly protects you from fire.
   SInv:      It lets you see invisible.
Armour
 b - a +0 scale mail (worn)
 c - a +0 buckler (worn)
Jewellery
 s - a ring of ice
Scrolls
 e - 3 scrolls of revelation {unknown}
 f - a scroll of enchant weapon {unknown}
 g - 2 scrolls of silence {unknown}
 h - 4 scrolls of identify {unknown}
 j - a scroll of torment {unknown}
 k - 2 scrolls of noise {unknown}
 l - a scroll of teleportation {unknown}
 m - a scroll of poison {unknown}
 n - a scroll of enchant armour {unknown}
 p - a scroll of immolation {unknown}
Potions
 d - a potion of might
 i - 2 potions of invisibility {unknown}
 o - 2 potions of curing {unknown}
 r - a potion of enlightenment {unknown}


   Skills:
 + Level 6.8 Fighting
 + Level 2.0 Short Blades
 + Level 2.0 Long Blades
 + Level 5.0 Axes
 + Level 2.0 Maces & Flails
 + Level 2.0 Polearms
 + Level 2.0 Staves
 + Level 2.0 Ranged Weapons
 + Level 2.0 Throwing
 + Level 6.8 Armour
 + Level 2.0 Dodging
 + Level 2.0 Stealth
 + Level 6.8 Shields
 + Level 2.0 Unarmed Combat
 + Level 2.0 Spellcasting
 + Level 1.5 Conjurations
 + Level 1.5 Hexes
 + Level 1.5 Summonings
 + Level 1.5 Necromancy
 + Level 1.5 Translocations
 + Level 1.5 Fire Magic
 + Level 1.5 Ice Magic
 + Level 1.5 Air Magic
 + Level 1.5 Earth Magic
 + Level 1.5 Alchemy
 + Level 2.1 Invocations
 + Level 2.0 Evocations
 + Level 1.7 Shapeshifting


You had 9 spell levels left.
You didn't know any spells.
Your spell library was empty.

Dungeon Overview and Level Annotations

Branches:
Dungeon (4/15)
 Temple: D:4-7

Altars:
Dithmenos
Fedhas
Trog

Annotations:
D:4 Blork the orc, Dowan, Duvessa


Innate Abilities, Weirdness & Mutations

You have very sharp teeth.
Your uncanny sense of smell can sniff out nearby items.
Your experience applies equally to all skills.


Message History

Your Spellcasting skill increases to level 2!
Your Evocations skill increases to level 2!
Unknown command.
Unknown command.
Unknown command.
Magic restored.
You see here a +0 mace.
You see here a +0 mace.
Blork the orc comes into view.
He is wielding a +0 war axe.
Blork the orc moves out of view.
Blork the orc is nearby!
A jelly comes into view.
The jelly quivers.
Blork the orc begins to cast a cantrip, but forgets the words!
Blork the orc casts a spell at you. The puff of flame hits you!
You closely miss Blork the orc.
Blork the orc hits you with a +0 war axe!
You barely miss Blork the orc. You block Blork the orc's attack.
You slash Blork the orc!
Blork the orc is moderately wounded.
Blork the orc hits you with a +0 war axe!
You closely miss Blork the orc.
Blork the orc is moderately wounded.
Blork the orc barely misses you.
Blork the orc hits you with a +0 war axe!
You are too injured to fight recklessly!
You are too injured to fight recklessly!
You hit Blork the orc.
Blork the orc is moderately wounded.
Blork the orc hits you with a +0 war axe!
* * * LOW HITPOINT WARNING * * *
You slash Blork the orc! Your bite misses Blork the orc.
Blork the orc is heavily wounded.
Blork the orc mumbles some strange words.
Blork the orc seems to speed up.
You slash Blork the orc!
Blork the orc is severely wounded.
Blork the orc hits you with a +0 war axe!
You die...

.###....?#
#....... ####
####### #.......
.... ##.......
..... #...#####
..... #...# ......
#...#####
......###
#...##...
.....Jo.####
#...##..#
#@...#####..>.....
####..........>...
#########.#..#.
#.#..#. ###.#..#.
#...#....
#.###.### #.....#
#######


You could see Blork the orc (fast) and a jelly.

Vanquished Creatures
  A hound (D:3)
  A sleepcap (D:4)
  An iguana (D:4)
  2 orc wizards
  Terence (D:2)
  4 adders
  2 ribbon worms
  5 dart slugs
  5 orcs
  2 ball pythons
  3 bats (D:1)
  7 endoplasms
  2 giant cockroaches
  3 goblins
  8 hobgoblins
  4 jackals (D:3)
  A quokka (D:1)
  5 frilled lizards
  4 kobolds
  3 rats
64 creatures vanquished.

Notes
Turn   | Place    | Note
-------+----------+-------------------------------------------
     0 | D:1      | CougarLife the Gnoll Fighter began the quest for the Orb.
     0 | D:1      | Reached XP level 1. HP: 23/23 MP: 1/1
    83 | D:1      | Found a faded altar of an unknown god.
   150 | D:1      | Reached XP level 2. HP: 29/29 MP: 2/2
   600 | D:1      | Reached XP level 3. HP: 35/35 MP: 3/3
  1207 | D:2      | Reached skill level 1 in Invocations
  1231 | D:2      | Noticed Terence
  1248 | D:2      | Killed Terence
  1249 | D:2      | Reached skill level 1 in Short Blades
  1249 | D:2      | Reached skill level 1 in Long Blades
  1249 | D:2      | Reached skill level 1 in Maces & Flails
  1249 | D:2      | Reached skill level 1 in Polearms
  1249 | D:2      | Reached skill level 1 in Staves
  1249 | D:2      | Reached skill level 1 in Ranged Weapons
  1249 | D:2      | Reached skill level 1 in Throwing
  1249 | D:2      | Reached skill level 1 in Dodging
  1249 | D:2      | Reached skill level 1 in Stealth
  1249 | D:2      | Reached skill level 1 in Unarmed Combat
  1249 | D:2      | Reached skill level 1 in Spellcasting
  1249 | D:2      | Reached skill level 1 in Evocations
  1249 | D:2      | Reached skill level 1 in Shapeshifting
  1249 | D:2      | Reached XP level 4. HP: 13/41 MP: 5/5
  2077 | D:3      | Reached skill level 1 in Conjurations
  2077 | D:3      | Reached skill level 1 in Hexes
  2077 | D:3      | Reached skill level 1 in Summonings
  2077 | D:3      | Reached skill level 1 in Necromancy
  2077 | D:3      | Reached skill level 1 in Translocations
  2077 | D:3      | Reached skill level 1 in Fire Magic
  2077 | D:3      | Reached skill level 1 in Ice Magic
  2077 | D:3      | Reached skill level 1 in Air Magic
  2077 | D:3      | Reached skill level 1 in Earth Magic
  2077 | D:3      | Reached skill level 1 in Alchemy
  2146 | D:3      | Found a blossoming altar of Fedhas.
  2147 | D:3      | Found a shadowy altar of Dithmenos.
  2149 | D:3      | Found a bloodstained altar of Trog.
  2260 | D:3      | Identified the +1 trident "Hydraslayer" {protect, rF++
                  | Str-3 Int+2 SInv}
  2464 | D:3      | Reached XP level 5. HP: 31/47 MP: 5/7
  2777 | D:4      | Noticed Dowan
  2778 | D:4      | Noticed Duvessa
  3278 | D:4      | Reached XP level 6. HP: 35/53 MP: 8/8
  3475 | D:4      | Reached skill level 5 in Axes
  3610 | D:4      | Noticed Blork the orc
  3621 | D:4      | Slain by Blork the orc

Illustrated notes

Levels and vault maps discovered:
D:1:      dpeg_arrival_three_smaller_balls, layout_basic,
          ebering_ecumenical_altar_webs, nicolae_concentric_dashed_squares_wild
D:2:      layout_loops_ring, serial_glass, glass_columns_b, glass_columns_b,
          glass_columns_a, glass_columns_c, glass_columns_b,
          due_unseen_surprise, feat_on_display, feat_on_display,
          item_on_display_a, uniq_terence
D:3:      layout_basic, chequers_temple_overflow_statue_of_worship,
          hangedman_decor_opposing
D:4:      layout_basic, serial_shops, shop, uniq_duvessa, uniq_blork_the_orc

Skill      XL: |  1  2  3  4  5  6 |
---------------+-------------------+-----
Invocations    | 1 2 |  2.1
Short Blades   | 1 2 |  2.0
Long Blades    | 1 2 |  2.0
Maces & Flails | 1 2 |  2.0
Polearms       | 1 2 |  2.0
Staves         | 1 2 |  2.0
Ranged Weapons | 1 2 |  2.0
Throwing       | 1 2 |  2.0
Dodging        | 1 2 |  2.0
Stealth        | 1 2 |  2.0
Unarmed Combat | 1 2 |  2.0
Spellcasting   | 1 2 |  2.0
Evocations     | 1 2 |  2.0
Shapeshifting  | 1 |  1.7
Conjurations   | 1 |  1.5
Hexes          | 1 |  1.5
Summonings     | 1 |  1.5
Necromancy     | 1 |  1.5
Translocations | 1 |  1.5
Fire Magic     | 1 |  1.5
Ice Magic      | 1 |  1.5
Air Magic      | 1 |  1.5
Earth Magic    | 1 |  1.5
Alchemy        | 1 |  1.5
Axes           | 5 |  5.0
Fighting       | |  6.8
Armour         | |  6.8
Shields        | |  6.8

Action                     |  1- 3 |  4- 6 || total
---------------------------+-------+-------++-------
  Melee: War axe           |    80 |   104 ||   184
         Bite              |     9 |    15 ||    24
         Trident           |       |    26 ||    26
 Armour: Scale mail        |    41 |   112 ||   153
  Dodge: Dodged            |    41 |    47 ||    88
  Block: Buckler           |    23 |    28 ||    51

Table legend: (Time is in decaauts)
 A = Elapsed time spent in this place.
 B = Non-inter-level travel time spent in this place.
 C = Inter-level travel time spent in this place.
 D = Time resting spent in this place.
 E = Time spent auto-exploring this place.
 F = Levels seen in this place.
 G = Mean time per level.
                   A        B        C        D        E       F      G
               +--------+--------+--------+--------+--------+-----+--------+
         Total |   3681 |   3541 |    140 |    789 |   2207 |   4 |  920.2 |
       Dungeon |   3681 |   3541 |    140 |    789 |   2207 |   4 |  920.2 |
               +--------+--------+--------+--------+--------+-----+--------+

Top non-repeatable levels by time:
     D:3: 1402 daAuts
     D:1: 990 daAuts
     D:2: 836 daAuts
     D:4: 452 daAuts
